 Dungeon Crawl Stone Soup version 0.23-a0-642-g3120c2f (webtiles) character file.

112753 Amnesiac the Covert (level 16, -1/91 HPs)
             Began as a Spriggan Berserker on Dec 19, 2018.
             Was the Champion of Trog.
             Killed from afar by a ghostly deep elf death mage (35 damage)
             ... with a bolt of negative energy
             ... on level 3 of the Elven Halls on Dec 30, 2018.
             The game lasted 01:00:21 (27488 turns).

Amnesiac the Covert (Spriggan Berserker)           Turns: 27488, Time: 01:00:21

Health: -1/91      AC:  7    Str: 18    XL:     16   Next: 12%
Magic:  23/23      EV: 30    Int: 17    God:    Trog [******]
Gold:   1218       SH: 10    Dex: 15    Spells: 15/15 levels left

rFire    + + +     SeeInvis +   w - +8 quick blade
rCold    + + +     Gourm    .   t - +3 buckler {rC+ rF+}
rNeg     . . .     Faith    .   i - +0 robe of Awe {+Inv rF+ rC++ Int+3}
rPois    .         Spirit   .   F - +2 hat {Int+3}
rElec    .         Reflect  .   g - +2 cloak
rCorr    .         Harm     .   (gloves unavailable)
MR       ++...                  (boots unavailable)
Stlth    +++++.....             n - amulet of rage
HPRegen  0.25/turn              x - ring of protection from fire
MPRegen  0.18/turn              A - +4 ring of evasion

@: drained, very quick
A: very small, unfitting armour, see invisible, herbivore, speed 3, slow
metabolism 2
a: Berserk, Trog's Hand, Brothers in Arms, Renounce Religion, Evoke Berserk
Rage, Evoke Invisibility


You were on level 3 of the Elven Halls.
You worshipped Trog.
Trog was exalted by your worship.
You were not hungry.

You visited 3 branches of the dungeon, and saw 20 of its levels.
You also visited: Ossuary.

You collected 2171 gold pieces.
You spent 953 gold pieces at shops.

Inventory:

Hand Weapons
 a - a +2 demon blade of electrocution
 b - a +0 blowgun
 w - a +8 quick blade (weapon)
 W - a +0 quick blade of distortion
Armour
 g - a +2 cloak (worn)
 i - the +0 robe of Awe (worn) {+Inv rF+ rC++ Int+3}
   (You bought it in a shop on level 2 of the Orcish Mines)

   It affects your intelligence (+3).
   It protects you from fire.
   It greatly protects you from cold.
   It lets you turn invisible.
 t - a +3 buckler of resistance (worn)
 u - +0 acid dragon scales
 F - a +2 hat of intelligence (worn)
Jewellery
 n - an amulet of rage (around neck)
 x - a ring of protection from fire (left hand)
 A - a +4 ring of evasion (right hand)
 R - an uncursed ring of protection from magic
Wands
 f - a wand of random effects (39)
 p - a wand of iceblast (24)
 D - a wand of flame (29)
 G - a wand of disintegration (12)
 I - a wand of clouds (3)
 L - a wand of acid (8)
 S - a wand of digging (15)
 T - a wand of enslavement (6)
Scrolls
 h - a scroll of enchant armour {!r}
 j - 2 scrolls of teleportation {!r}
 l - 2 scrolls of summoning {!r}
 s - 8 scrolls of remove curse {!r}
 z - a scroll of magic mapping {!r}
 C - 3 scrolls of fear {!r}
 M - 2 scrolls of fog {!r}
 N - a scroll of vulnerability {!r}
 V - a scroll of blinking {!r}
Potions
 d - 3 potions of berserk rage {!q}
 e - 2 potions of ambrosia {!q}
 k - 4 potions of curing {!q}
 m - 6 potions of might {!q}
 o - 3 potions of agility {!q}
 q - 9 potions of lignification {!q}
 r - 9 potions of flight {!q}
 B - a potion of resistance {!q}
 E - a potion of magic {!q}
 J - 5 potions of haste {!q}
 K - 5 potions of cancellation {!q}
 O - 4 potions of heal wounds {!q}
 U - 2 potions of mutation {!q}
Miscellaneous
 v - a fan of gales
 P - 2 boxes of beasts
 Q - a lamp of fire
Comestibles
 c - 15 rations


   Skills:
 * Level 13.1(12.3) Fighting
 - Level 14.0(13.1) Long Blades
 + Level 5.5(4.8) Throwing
 + Level 5.5(4.8) Armour
 - Level 12.0(11.2) Dodging
 - Level 14.0(13.1) Stealth
 - Level 7.2(6.5) Shields
 - Level 8.0(7.2) Evocations


You had 15 spell levels left.
You didn't know any spells.
Your spell library contained the following spells:

 Spells                   Type           Power        Failure   Level  Hunger
 Sandblast                Erth           #.....       24%         1    ##.....
 Summon Butterflies       Summ           #.......     24%         1    ##.....
 Summon Small Mammal      Summ           #...         24%         1    ##.....
 Passwall                 Tmut/Erth      #.......     36%         2    ###....
 Stone Arrow              Conj/Erth      #.....       58%         3    ####...
 Leda's Liquefaction      Hex/Erth       #.........   94%         4    #####..
 Petrify                  Tmut/Erth      #.......     94%         4    #####..
 Bolt of Magma            Conj/Fire/Erth #.........   100%        5    ######.
 Lee's Rapid Deconstruct  Erth           #.........   100%        5    ######.
 Iron Shot                Conj/Erth      #.........   100%        6    #######
 Statue Form              Tmut/Erth      #........    100%        6    #######
 Malign Gateway           Summ/Tloc      #.........   100%        7    #######
 Summon Hydra             Summ           #.........   100%        7    #######
 Shatter                  Erth           #.........   100%        9    #######


Dungeon Overview and Level Annotations

Branches:
Dungeon (15/15)            Temple (0/1) D:6            Lair (0/6) D:9
    Orc (2/2) D:9             Elf (3/3) Orc:2        Vaults (0/5) D:14
 Depths (0/5) D:15

Altars:
Dithmenos
Ru
Uskayaw
Yredelemnul
Beogh

Shops:
D:9 [   D:13 [(   Orc:2 *[=:   Elf:3 *

Annotations:
D:9 2 transporters
D:14 exclusion: 2 orange crystal statues
D:15 Nessos


Innate Abilities, Weirdness & Mutations

You are very small and have problems with some larger weapons.
You are too small for most types of armour.
You have supernaturally acute eyesight. (SInv)
You are a herbivore.
You cover ground extremely quickly.
You need to consume almost no food.


Message History

You hit the deep elf death mage.
The deep elf death mage is lightly wounded.
You slash the deep elf death mage!
The deep elf death mage is moderately wounded.
The deep elf death mage beckons forth a restless soul!
You completely miss the deep elf death mage.
The deep elf death mage is moderately wounded.
The deep elf death mage completely misses you.
You closely miss the deep elf death mage.
The deep elf death mage is moderately wounded.
You slash the deep elf death mage!
Lightning courses through the deep elf death mage!
The deep elf death mage is heavily wounded.
You block the deep elf death mage's attack.
You slash the deep elf death mage!
The deep elf death mage is severely wounded.
You barely miss the deep elf death mage.
The deep elf death mage is severely wounded.
The deep elf death mage is infused with unholy energy.
* * * LOW HITPOINT WARNING * * *
The deep elf death mage draws life force from you and is healed!
You slash the deep elf death mage!
The deep elf death mage is severely wounded.
You slice the deep elf death mage!!
The deep elf death mage is almost dead.
The deep elf death mage hits you with a +0 long sword!
* * * LOW HITPOINT WARNING * * *
You barely miss the deep elf death mage.
The deep elf death mage is almost dead.
You barely miss the deep elf death mage.
The deep elf death mage is almost dead.
The deep elf death mage gestures at you while chanting.
The bolt of negative energy misses you.
You hit the deep elf death mage.
The deep elf death mage is almost dead.
You slice the deep elf death mage!!
Lightning courses through the deep elf death mage!
The lost soul assumes the form of the deep elf death mage and becomes anchored The ghostly deep elf death mage barely misses you.
Throwing (i - inventory)
H - a throwing net (quivered)
Press: ? - help, Shift-Dir - straight line, f - ghostly deep elf death mage
Aim: a ghostly deep elf death mage, wielding a +0 long sword and wearing a +0
Okay, then.
Wield which item (- for none, * to show all)? (? for menu, Esc to quit)
Your +2 demon blade of electrocution stops crackling.
w - a +8 quick blade (weapon)
Throwing (i - inventory)
H - a throwing net (quivered)
Press: ? - help, Shift-Dir - straight line, f - ghostly deep elf death mage
Aim: a ghostly deep elf death mage, wielding a +0 long sword and wearing a +0 You throw a throwing net.
The throwing net misses the ghostly deep elf death mage.
The ghostly deep elf death mage misses you.
Evoke which item? (* to show all) (? for menu, Esc to quit)
Aiming: Cloud Cone
Press: ? - help, Dir - move target cursor, f/p - ghostly deep elf death mage
Aim: a ghostly deep elf death mage, wielding a +0 long sword and wearing a +0 You create a blast of poison gas!
The ghostly deep elf death mage hits you with a +0 long sword!
* * * LOW HITPOINT WARNING * * *
Really quaff
O - 5 potions of heal wounds {!q}?
You feel much better.
The ghostly deep elf death mage gestures at you while chanting.
The bolt of negative energy hits you!
You feel drained.
You die...

###...### #..........
##### #..........
###..?.)... ###.....#
###.### ###
##################
#))...............
####@################
##.§e§)..##
###§§§§.....##
#.§§§§§[......#
##.§§§§........#
##..§§§§.........
#.......###......
#.(....## #.....
#.....## #....


You could see a ghostly deep elf death mage.

Vanquished Creatures
  Rupert (D:15)
  A deep elf blademaster (Elf:2)
  Gastronok (D:10)
  2 deep elf sorcerers (Elf:3)
  A deep elf demonologist (Elf:1)
  Azrael (Elf:1)
  Josephine (D:15)
  3 deep elf high priests (Elf:3)
  A fire dragon (D:10)
  2 ogre magi
  2 centaur warriors
  24 dancing weapons
  11 two-headed ogres
  16 deep elf knights
  3 unseen horrors
  11 deep elf archers
  A wolf spider zombie (D:14)
  11 orc knights
  An orb spider (shapeshifter) (D:15)
  45 deep elf magi
  A wolf spider (D:15)
  9 ugly things
  2 cyclopes
  2 orc sorcerers (Orc:1)
  2 centaur zombies
  A gargoyle (D:15)
  2 kobold demonologists (D:13)
  A komodo dragon (D:13)
  A harpy zombie (D:15)
  6 trolls
  A polar bear (shapeshifter) (D:14)
  3 hornets
  A queen bee (D:10)
  A troll (shapeshifter) (D:15)
  A harpy skeleton (D:15)
  A wolf spider simulacrum (D:14)
  2 meliai zombies
  10 slime creatures
  7 hippogriffs
  Sigmund (D:5)
  2 air elementals
  A spriggan (shapeshifter) (D:15)
  2 shadows
  A vampire (D:13)
  2 water elementals
  9 yaks
  A wyvern (shapeshifter) (D:15)
  6 wraiths (D:15)
  5 fire elementals (Elf:1)
  Grum (D:11)
  A golden eye (shapeshifter) (Elf:2)
  A hungry ghost (D:9)
  A wyvern (D:10)
  7 vampire mosquitoes
  7 wargs
  5 acid dragons
  A water moccasin (D:8)
  43 orc warriors
  Duvessa (D:5)
  An ogre (shapeshifter) (D:15)
  4 sky beasts
  A black bear (D:9)
  2 ice beasts
  A phantom (D:14)
  15 ogres
  8 centaurs
  3 boggarts (D:15)
  2 wolves (D:11)
  A crocodile (D:11)
  Blork the orc (D:4)
  3 big kobolds
  9 bullfrogs
  2 earth elementals (Elf:2)
  2 wyvern skeletons
  5 water moccasin zombies (Ossuary)
  6 scorpions
  Dowan (D:5)
  6 wights
  31 killer bees
  4 howler monkeys
  4 crimson imps
  2 bullfrog zombies
  A quasit (D:11)
  13 orc priests
  8 hounds
  3 jellies
  4 bullfrog skeletons
  4 centaur skeletons
  2 iguanas
  Ijyb (D:5)
  31 orc wizards
  7 worker ants
  2 big kobold zombies (Ossuary)
  2 hound zombies
  2 mummies (Ossuary)
  A worker ant zombie (D:6)
  A howler monkey skeleton (D:7)
  4 gnolls
  12 adders
  4 shadow imps
  2 oozes
  5 adder zombies (Ossuary)
  2 adder skeletons
  2 dart slugs
  5 leopard geckos
  106 orcs
  6 giant cockroaches
  4 gnoll zombies (Ossuary)
  3 goblins
  7 hobgoblins
  19 jackals
  12 kobolds
  5 quokkas
  9 bats
  3 frilled lizards
  6 hobgoblin zombies (Ossuary)
  2 kobold zombies (Ossuary)
  2 orc zombies (Ossuary)
  A quokka zombie (D:8)
  5 rats
713 creatures vanquished.

Vanquished Creatures (collateral kills)
  Agnes (D:15)
  A deep elf mage (Elf:2)
2 creatures vanquished.

Vanquished Creatures (others)
  A cyclops (shapeshifter) (Elf:1)
  A deep elf mage (Elf:1)
  A water elemental (Elf:1)
  A hound (D:10)
  An orc wizard (D:4)
5 creatures vanquished.

Grand Total: 720 creatures vanquished

Notes
Turn   | Place    | Note
-------+----------+-------------------------------------------
     0 | D:1      | Amnesiac the Spriggan Berserker began the quest for the
                  | Orb.
     0 | D:1      | Reached XP level 1. HP: 11/11 MP: 2/2
   192 | D:1      | Reached XP level 2. HP: 16/16 MP: 3/3
   303 | D:1      | Upgraded the game from 0.23-a0-586-gacb4b3f to
                  | 0.23-a0-642-g3120c2f
   561 | D:2      | Reached skill level 5 in Dodging
   569 | D:2      | Reached XP level 3. HP: 12/19 MP: 4/4
   591 | D:2      | Reached ** piety under Trog
   863 | D:2      | Reached XP level 4. HP: 23/23 MP: 5/5
  1590 | D:3      | Noticed a crocodile
  1632 | D:3      | Reached XP level 5. HP: 12/27 MP: 6/6
  1785 | D:3      | Reached skill level 1 in Evocations
  1799 | D:3      | Reached *** piety under Trog
  2291 | D:4      | Noticed an ogre
  2306 | D:4      | Killed an ogre
  2306 | D:4      | Reached XP level 6. HP: 26/32 MP: 8/8
  2411 | D:4      | Reached skill level 5 in Long Blades
  2479 | D:4      | Noticed an ice beast
  2502 | D:4      | Killed an ice beast
  2502 | D:4      | Reached XP level 7. HP: 28/35 MP: 10/10
  3238 | D:4      | Noticed Blork the orc
  3248 | D:4      | Killed Blork the orc
  3501 | D:5      | Entered Level 5 of the Dungeon
  3532 | D:5      | Noticed Ijyb
  3554 | D:5      | Killed Ijyb
  3595 | D:5      | You fall through a shaft for 3 floors!
  4014 | D:6      | Found a hide-covered altar of Uskayaw.
  4084 | D:5      | Noticed Dowan
  4091 | D:5      | Noticed Duvessa
  4101 | D:5      | Killed Dowan
  4101 | D:5      | Reached skill level 5 in Evocations
  4101 | D:5      | Reached XP level 8. HP: 17/39 MP: 12/12
  4101 | D:5      | HP: 1/39 [Duvessa/+0 rapier (16)]
  4117 | D:5      | Found a sand-covered staircase.
  4119 | D:5      | Noticed Sigmund
  4146 | Ossuary  | Entered an ossuary
  4843 | Ossuary  | Reached **** piety under Trog
  5208 | D:5      | Killed Sigmund
  5239 | D:5      | Killed Duvessa
  5432 | D:5      | Got a steaming mace
  5925 | D:6      | Reached XP level 9. HP: 43/43 MP: 15/15
  6389 | D:6      | Found a basalt altar of Yredelemnul.
  6491 | D:6      | Found a staircase to the Ecumenical Temple.
  6830 | D:7      | Reached ***** piety under Trog
  7050 | D:7      | Found a sacrificial altar of Ru.
  7102 | D:7      | Received a gift from Trog
  7106 | D:7      | Identified the +1 mace "Loopy" {protect, +Inv rElec Stlth+}
                  | (You found it on level 5 of the Dungeon)
  7820 | D:8      | Reached skill level 10 in Long Blades
  8026 | D:9      | Found a staircase to the Lair.
  8093 | D:9      | Reached XP level 10. HP: 13/47 MP: 17/17
  8359 | D:9      | Found a transporter.
  8397 | D:9      | Noticed a centaur warrior
  8417 | D:9      | Killed a centaur warrior
  8488 | D:9      | Noticed a two-headed ogre
  8505 | D:9      | Killed a two-headed ogre
  8552 | D:9      | Found a transporter.
  8759 | D:9      | Found a staircase to the Orcish Mines.
  8794 | D:9      | Reached skill level 5 in Stealth
  8871 | D:9      | Noticed a two-headed ogre
  8913 | D:9      | Killed a two-headed ogre
  8913 | D:9      | Reached skill level 5 in Fighting
  9150 | D:9      | Found Files's Antique Armour Boutique.
  9153 | D:9      | Bought a heavy robe for 148 gold pieces
  9163 | D:9      | Identified the cursed +0 robe of the Unbroken {Str+3 Slay-4
                  | SInv} (You bought it in a shop on level 9 of the Dungeon)
  9307 | Orc:1    | Entered Level 1 of the Orcish Mines
  9307 | Orc:1    | Noticed an orc sorcerer
  9317 | Orc:1    | Killed an orc sorcerer
  9506 | Orc:1    | HP: 2/53 [orc wizard/magic dart (7)]
  9508 | Orc:1    | Reached XP level 11. HP: 12/56 MP: 18/18
  9791 | Orc:2    | Entered Level 2 of the Orcish Mines
  9945 | Orc:1    | Noticed an orc sorcerer
 10007 | Orc:1    | Killed an orc sorcerer
 10201 | Orc:1    | Found a roughly hewn altar of Beogh.
 10441 | Orc:1    | Found a roughly hewn altar of Beogh.
 10795 | Orc:2    | Found a staircase to the Elven Halls.
 10862 | Orc:2    | Noticed an ogre mage
 10862 | Orc:2    | Noticed a two-headed ogre
 10862 | Orc:2    | Noticed a two-headed ogre
 10863 | Orc:2    | Noticed a two-headed ogre
 10913 | Orc:2    | Killed a two-headed ogre
 10913 | Orc:2    | Received a gift from Trog
 10993 | Orc:1    | Killed a two-headed ogre
 11196 | Orc:2    | Noticed a two-headed ogre
 11204 | Orc:2    | Killed an ogre mage
 11211 | Orc:2    | Killed a two-headed ogre
 11220 | Orc:2    | Killed a two-headed ogre
 11355 | Orc:2    | Noticed an orc knight
 11409 | Orc:2    | Noticed an orc knight
 11412 | Orc:2    | Noticed an orc knight
 11417 | Orc:2    | Killed an orc knight
 11422 | Orc:2    | Noticed an orc knight
 11424 | Orc:2    | Killed an orc knight
 11433 | Orc:2    | Killed an orc knight
 11925 | Orc:2    | Reached skill level 10 in Stealth
 11962 | Orc:2    | Noticed an orc knight
 11968 | Orc:2    | Noticed an orc knight
 11968 | Orc:2    | Noticed an orc knight
 11974 | Orc:2    | Killed an orc knight
 11974 | Orc:2    | Reached XP level 12. HP: 52/65 MP: 19/19
 12494 | Orc:2    | Found a roughly hewn altar of Beogh.
 12551 | Orc:2    | Found Jahir's Jewellery Shop.
 12551 | Orc:2    | Found Zastrai's Book Shoppe.
 13475 | Orc:2    | Found Kalleczady's General Store.
 13475 | Orc:2    | Found Meiggot's Antique Armour Shoppe.
 13480 | Orc:2    | Bought 2 potions of heal wounds for 150 gold pieces
 13489 | Orc:2    | Bought a wizard robe for 131 gold pieces
 13499 | Orc:2    | Identified the +0 robe of Awe {+Inv rF+ rC++ Int+3} (You
                  | bought it in a shop on level 2 of the Orcish Mines)
 14080 | Orc:2    | Bought a potion of ambrosia for 120 gold pieces
 14080 | Orc:2    | Bought a potion of berserk rage for 75 gold pieces
 14080 | Orc:2    | Bought a wand of iceblast (11) for 225 gold pieces
 14197 | D:10     | Entered Level 10 of the Dungeon
 14454 | D:10     | Noticed Gastronok
 14493 | D:10     | Killed Gastronok
 14493 | D:10     | Received a gift from Trog
 14493 | D:10     | Reached skill level 10 in Fighting
 14595 | D:10     | Noticed a two-headed ogre
 15107 | D:10     | Noticed a two-headed ogre
 15116 | D:10     | Killed a two-headed ogre
 15179 | D:10     | Noticed a fire dragon
 15212 | D:10     | Killed a fire dragon
 15509 | D:10     | Killed a two-headed ogre
 15509 | D:10     | Reached XP level 13. HP: 40/72 MP: 20/20
 15940 | D:11     | Noticed Grum
 16042 | D:11     | Killed Grum
 16158 | D:11     | Reached skill level 1 in Throwing
 16641 | D:11     | Received a gift from Trog
 17604 | D:13     | Found Zaolakei's Weapon Boutique.
 17745 | D:13     | Found Viusu's Antique Armour Emporium.
 17838 | D:13     | Reached ****** piety under Trog
 18391 | D:14     | Got a pitted whip
 18557 | D:14     | Found a shadowy altar of Dithmenos.
 18688 | D:14     | Found a gate to the Vaults.
 19054 | D:14     | Identified the +6 trident of Conscience {pierce, MR+}
 19064 | D:14     | Reached skill level 1 in Armour
 19387 | D:15     | Entered Level 15 of the Dungeon
 19387 | D:15     | Noticed Agnes
 19858 | D:15     | Noticed Josephine
 19873 | D:15     | Killed Josephine
 19892 | D:15     | Noticed Nessos
 19898 | D:15     | Reached XP level 14. HP: 55/77 MP: 21/21
 20113 | D:15     | Noticed Rupert
 20160 | D:15     | Killed Rupert
 20160 | D:15     | Reached skill level 10 in Dodging
 20347 | D:15     | Received a gift from Trog
 21062 | D:15     | Killed Agnes
 21237 | D:15     | Found a staircase to the Depths.
 21762 | Elf:1    | Entered Level 1 of the Elven Halls
 21801 | Elf:1    | Noticed Azrael
 22045 | Elf:1    | Reached skill level 1 in Shields
 22073 | Elf:1    | Killed Azrael
 22089 | Elf:1    | Received a gift from Trog
 22504 | Elf:1    | Reached skill level 5 in Shields
 22941 | Elf:1    | Identified the Volume of the Entourage
 22948 | Elf:1    | Reached XP level 15. HP: 82/84 MP: 22/22
 23663 | Elf:2    | Received a gift from Trog
 24678 | Elf:3    | Identified a paperback manual
 24678 | Elf:3    | Entered Level 3 of the Elven Halls
 24911 | Elf:3    | Found Gakleb's Assorted Antiques.
 24918 | Elf:3    | Bought a wooden wand for 104 gold pieces
 25203 | Elf:2    | Received a gift from Trog
 25716 | Elf:2    | Found a huge runed gate.
 25716 | Elf:2    | Found a huge runed gate.
 25716 | Elf:2    | Found a huge runed gate.
 25716 | Elf:2    | Found a huge runed gate.
 25716 | Elf:2    | Found a huge runed gate.
 26186 | Elf:2    | Reached skill level 5 in Armour
 26364 | Elf:2    | Noticed a deep elf blademaster
 26390 | Elf:2    | Reached skill level 5 in Throwing
 26682 | Elf:2    | Killed a deep elf blademaster
 26682 | Elf:2    | Reached XP level 16. HP: 90/90 MP: 21/23
 27488 | Elf:3    | Killed from afar by a ghostly deep elf death mage

Vault maps used:
D:1:      minmay_arrival_three_doors, minmay_misc_feat_room
D:2:      first_ration, minmay_liquid_box, minmay_pentomino_w4
D:3:      serial_glass, glass_columns_a, glass_columns_b, glass_columns_a,
          glass_columns_b, glass_columns_b, glass_columns_a, glass_columns_a,
          glass_columns_c, lightli_corner_chamber
D:4:      kennysheep_generic_room_9, uniq_blork_the_orc
D:5:      nicolae_ossuary_entry_monument, kennysheep_another_room, uniq_ijyb,
          uniq_duvessa, uniq_sigmund
D:6:      eat_drink_and_be_merry_uskayaw, minmay_temple_entry_drinking_statues,
          basic_altar, grunt_ministairs_3, kennysheep_generic_room_8
D:7:      nicolae_ru_the_path_less_chosen
D:9:      gammafunk_steamed_eel, erik_lair_orcish_takeover, david_orc_2,
          serial_shops, kennysheep_mini_moat, grunt_ogre_cave
D:10:     dragon1_lemuel, minivault_7, uniq_gastronok
D:11:     uniq_grum
D:12:     serial_column_ruins, column_ruins_hut_ruined,
          column_ruins_corridor_straight, column_ruins_open_large,
          column_ruins_open_medium, column_ruins_grid_1, column_ruins_open_tiny
D:13:     serial_shops, nicolae_shop_crystal, shop
D:14:     david_vaults_2, grunt_dithmenos_smoke, minmay_more_statues
D:15:     gammafunk_enter_depths_forms, minmay_misc_feat_cross, uniq_agnes,
          uniq_rupert, uniq_nessos, uniq_josephine
Orc:1:    hangedman_feature_mirror
Orc:2:    st_orc_town
Elf:1:    minmay_elf_demonology, uniq_azrael
Elf:3:    nooodl_elf_gasket, serial_shops, shop
Ossuary:  ossuary_tomb_2

Skill      XL: |  1  2  3  4  5  6  7  8  9 10 11 12 13 14 15 16 |
---------------+-------------------------------------------------+-----
Long Blades    | 3 4 5 6 8 10 11 12 14 | 14.0
Dodging        | 5 6 7 8 9 12 | 12.0
Evocations     | 2 3 5 7 8 |  8.0
Fighting       | 5 8 10 11 12 13 | 13.1
Stealth        | 6 10 12 14 | 14.0
Throwing       | 1 5 |  5.5
Armour         | 1 3 5 |  5.5
Shields        | 5 7 |  7.2

Action                   |  1- 3 |  4- 6 |  7- 9 | 10-12 | 13-15 | 16-18 || total
-------------------------+-------+-------+-------+-------+-------+-------++-------
Melee: Short sword       |    85 |   157 |   678 |    10 |       |       ||   930
       Falchion          |     3 |       |       |       |       |       ||     3
       Quick blade       |       |       |   175 |   910 |   451 |     5 ||  1541
       Scimitar          |       |       |       |    93 |       |       ||    93
       Demon blade       |       |       |       |       |   958 |    40 ||   998
 Fire: Blowgun           |       |       |     3 |     5 |     1 |     4 ||    13
Throw: Throwing net      |       |       |       |     1 |       |     1 ||     2
Invok: Berserk           |     1 |     1 |     5 |     4 |     3 |       ||    14
       Trog's Hand       |       |       |     1 |       |       |       ||     1
       Brothers in Arms  |       |       |       |       |     1 |       ||     1
 Abil: Evoke Invisibilit |       |       |       |     1 |     8 |       ||     9
Evoke: Wand              |       |     1 |     9 |    70 |     3 |     1 ||    84
       Lamp of fire      |       |       |       |       |     1 |       ||     1
       Box of beasts     |       |       |       |       |     1 |       ||     1
  Use: Potion            |     1 |       |     3 |     3 |    10 |     1 ||    18
       Scroll            |       |     7 |     9 |     4 |    16 |       ||    36
 Stab: Sleeping          |     1 |     1 |     2 |     9 |    51 |       ||    64
       Paralysed         |       |     5 |       |    11 |       |       ||    16
       Distracted        |       |       |       |     2 |     5 |       ||     7
       Invisible         |       |       |       |     2 |    48 |     1 ||    51
       Confused          |       |       |       |     1 |       |       ||     1
  Eat: Ration            |     1 |       |     6 |     9 |     9 |       ||    25
Armor: Animal skin       |    12 |    15 |    53 |    11 |       |       ||    91
       Robe              |       |       |       |     8 |    24 |       ||    32
       Skin              |       |       |       |       |    45 |       ||    45
       Acid dragon scale |       |       |       |       |    68 |       ||    68
Dodge: Dodged            |    81 |   137 |   588 |   414 |   789 |     9 ||  2018
Block: Buckler           |       |       |       |       |   100 |     4 ||   104
       Rpst.: Scimitar   |       |       |       |    30 |       |       ||    30
       Demon blade       |       |       |       |       |   154 |     1 ||   155

Table legend:
 A = Non-vault XP
 B = Vault XP
 C = Vault XP percentage of total XP
 D = Non-vault monster count
 E = Vault monster count
 F = Vault count percentage of total count
                 A         B        C        D         E       F
            +---------+---------+-------+---------+---------+-------
      Total |   96064 |   65013 |  40.4 |     503 |     213 |  29.7
            +---------+---------+-------+---------+---------+-------
        D:1 |      33 |       0 |   0.0 |      12 |       0 |   0.0
        D:2 |      66 |      48 |  42.1 |      22 |       8 |  26.7
        D:3 |     149 |       0 |   0.0 |      14 |       0 |   0.0
        D:4 |     535 |     221 |  29.2 |      17 |       2 |  10.5
        D:5 |     338 |     469 |  58.1 |      22 |       4 |  15.4
        D:6 |     452 |      88 |  16.3 |      12 |       3 |  20.0
        D:7 |     905 |       0 |   0.0 |      22 |       0 |   0.0
        D:8 |     977 |       0 |   0.0 |      15 |       0 |   0.0
        D:9 |    4192 |    1059 |  20.2 |      33 |      17 |  34.0
       D:10 |    4387 |    4582 |  51.1 |      31 |      19 |  38.0
       D:11 |    2789 |     424 |  13.2 |      24 |       3 |  11.1
       D:12 |    4541 |       0 |   0.0 |      39 |       0 |   0.0
       D:13 |    4678 |      63 |   1.3 |      27 |       1 |   3.6
       D:14 |    6165 |    2796 |  31.2 |      38 |       3 |   7.3
       D:15 |   11614 |    9582 |  45.2 |      40 |      19 |  32.2
      Orc:1 |    3968 |     762 |  16.1 |      37 |       2 |   5.1
      Orc:2 |    6233 |    8508 |  57.7 |      25 |      60 |  70.6
      Elf:1 |   26199 |    6448 |  19.8 |      41 |      12 |  22.6
      Elf:2 |   16365 |   22818 |  58.2 |      30 |      27 |  47.4
      Elf:3 |    1478 |    6627 |  81.8 |       2 |       5 |  71.4
    Ossuary |       0 |     518 | 100.0 |       0 |      28 | 100.0
            +---------+---------+-------+---------+---------+-------
